 Dungeon Crawl Stone Soup version 0.29-a0-414-g5075937ec3 (webtiles) character file.

Game seed: 17644036446365850518

90158 pokeman the Sorcerer (level 15, -2/84 HPs)
             Began as a Deep Elf Hedge Wizard on May 15, 2022.
             Was a High Priest of Vehumet.
             Slain by a catoblepas (7 damage)
             ... while petrified by a catoblepas
             ... on level 6 of the Lair of Beasts.
             The game lasted 01:25:54 (30605 turns).

pokeman the Sorcerer (Deep Elf Hedge Wizard)       Turns: 30605, Time: 01:25:55

Health: -2/84      AC: 17    Str:  7    XL:     15   Next: 51%
Magic:  51/52      EV:  2    Int: 33    God:    Vehumet [*****.]
Gold:   2003       SH:  0    Dex: 23    Spells: 40/59 levels left

rFire   + + .      SeeInvis .   o - +10 morningstar "Wiybosoy" {freeze, Dex+9}
rCold   x . .      Faith    .   g - +2 buckler {AC+3}
rNeg    + + +      Spirit   .   H - +0 fire dragon scales
rPois   ∞          Reflect  .   X - +0 helmet
rElec   .          Harm     .   A - +0 cloak
rCorr   .          Rampage  .   R - +0 pair of gloves
Will    +....                   (no boots)
Stlth   +.........              (no amulet)
HPRegen 0.24/turn               r - ring of magical power
MPRegen 0.33/turn               x - +6 ring of intelligence

@: petrified
A: no striking features
a: Renounce Religion


You were on level 6 of the Lair of Beasts.
You worshipped Vehumet.
Vehumet was extremely pleased with you.
You visited 3 branches of the dungeon, and saw 22 of its levels.
You also visited: Volcano.

You collected 2003 gold pieces.

Inventory:

Hand Weapons
 o - the +10 morningstar "Wiybosoy" (weapon) {freeze, Dex+9}
   (You found it on level 3 of the Dungeon)

   It freezes those it strikes, dealing additional cold damage.
   It can also slow down cold-blooded creatures.
   Dex:       It affects your dexterity (+9).
 s - a +1 arbalest of flaming
Armour
 g - a +2 buckler of protection (worn)
 m - a +0 leather armour of cold resistance
 p - the +1 robe of the Fifty Suns {-Tele Fly rPois Stlth+}
   (You found it on level 11 of the Dungeon)

   rPois:     It protects you from poison.
   Fly:       It grants you flight.
   -Tele:     It prevents most forms of teleportation.
   Stlth:     It makes you more stealthy.
 u - +0 acid dragon scales
 A - a +0 cloak (worn)
 F - an orb of light
 H - +0 fire dragon scales (worn)
 R - a +0 pair of gloves (worn)
 S - the +3 robe of the Invisible Hand {rC+}
   (You found it on level 1 of the Lair of Beasts)

   rC:        It protects you from cold.
 X - a +0 helmet (worn)
Magical Staves
 n - a staff of air
Jewellery
 r - a ring of magical power (left hand)
 w - an amulet of faith
 x - a +6 ring of intelligence (right hand)
 y - a ring of resist corrosion
 B - a ring of see invisible
 V - a ring of protection from cold
Wands
 C - a wand of iceblast (11)
 G - a wand of digging (16)
 J - a wand of acid (6)
 L - a wand of charming (2)
 M - a wand of mindburst (9)
Scrolls
 b - a scroll of fog
 e - 16 scrolls of teleportation
 i - a scroll of enchant armour
 v - 3 scrolls of torment
 D - a scroll of brand weapon
 E - a scroll of magic mapping
 N - 2 scrolls of identify
 P - 2 scrolls of immolation
 U - a scroll of blinking
Potions
 a - 6 potions of heal wounds
 c - 2 potions of berserk rage
 d - 3 potions of magic
 f - 3 potions of attraction
 h - 5 potions of mutation
 j - 10 potions of curing
 k - 5 potions of lignification {unknown}
 l - 7 potions of haste {unknown}
 q - 2 potions of invisibility {unknown}
 t - 9 potions of degeneration {unknown}
 z - 2 potions of might {unknown}
 K - a potion of brilliance {unknown}
 Q - 4 potions of flight
Miscellaneous
 I - a condenser vane


   Skills:
 + Level 6.0 Fighting
 - Level 7.0 Armour
 - Level 3.3 Dodging
 - Level 3.0 Stealth
 - Level 5.0 Shields
 * Level 22.6 Spellcasting
 + Level 13.9 Conjurations
 - Level 1.1 Summonings
 - Level 1.0 Necromancy
 - Level 1.1 Translocations
 + Level 13.4 Fire Magic
 - Level 1.0 Air Magic
 - Level 1.0 Earth Magic
 - Level 1.0 Poison Magic
 - Level 1.0 Evocations


You had 40 spell levels left.
You knew the following spells:

 Your Spells              Type           Power      Damage    Failure   Level
a - Magic Dart            Conj           100%       1d8       1%          1
b - Mephitic Cloud        Conj/Pois/Air  64%        N/A       1%          3
c - Call Imp              Summ           44%        N/A       14%         2
d - Blink                 Tloc           88%        N/A       14%         2
e - Conjure Flame         Conj/Fire      91%        6-21      1%          3
f - Foxfire               Conj/Fire      100%       2x1d9     1%          1
g - Stone Arrow           Conj/Erth      100%       3d13      1%          3
h - Flame Wave            Conj/Fire      91%        2d15      1%          4

Your spell library contained the following spells:

 Spells                   Type           Power      Damage    Failure   Level
 Fireball                 Conj/Fire      45%        3d18      1%          5
 Scorch                   Fire           100%       2d10      1%          2
 Static Discharge         Conj/Air       72%        N/A       1%          2
 Inner Flame              Hex/Fire       69%        N/A       1%          3
 Sticky Flame             Conj/Fire      91%        2d10      1%          4
 Sandblast                Erth           88%        2d18      2%          1
 Poisonous Vapours        Pois/Air       88%        N/A       4%          2
 Irradiate                Conj/Tmut      35%        3d25      6%          5
 Beastly Appendage        Tmut           74%        N/A       14%         1
 Slow                     Hex            100%       N/A       14%         1
 Corpse Rot               Necr/Air       88%        N/A       14%         2
 Passwall                 Tmut/Erth      34%        N/A       17%         2
 Wereblood                Tmut           37%        N/A       22%         2
 Spider Form              Tmut/Pois      40%        N/A       34%         3
 Tukima's Dance           Hex            37%        N/A       38%         3
 Animate Armour           Summ/Erth      88%        N/A       65%         4
 Dispel Undead            Necr           44%        3d17      67%         4
 Anguish                  Hex/Necr       20%        N/A       75%         4
 Summon Ice Beast         Ice/Summ       41%        N/A       75%         4
 Summon Mana Viper        Hex/Summ       41%        N/A       97%         5
 Blade Hands              Tmut           18%        N/A       98%         5
 Dragon Form              Tmut           18%        N/A       100%        7
 Enfeeble                 Hex            18%        N/A       100%        7
 Monstrous Menagerie      Summ           22%        N/A       100%        7
 Lehudib's Crystal Spear  Conj/Erth      36%        10d9      100%        8


Dungeon Overview and Level Annotations

Branches:
Dungeon (15/15)            Temple (1/1) D:6            Lair (6/6) D:10
 Shoals (0/4) Lair:4       Spider (0/4) Lair:2        Slime (0/5) Lair:5
    Orc (0/2) D:10         Vaults (0/5) D:14        Volcano (visited)
 Depths: D:15

Altars:
Ashenzari
Cheibriados
Dithmenos
Elyvilon
Fedhas
Gozag
Hepliaklqana
Kikubaaqudgha
Makhleb
Nemelex Xobeh
Okawaru
Qazlal
Ru
Sif Muna
Trog
Uskayaw
Vehumet
Wu Jian
Xom
Yredelemnul
Zin
The Shining One

Shops:
D:3 :   D:8 [   D:9 *   D:13 !   D:14 =


Message History

Aiming: Stone Arrow (safe; 1% risk of failure)
Press: ? - help, Shift-Dir - straight line, f/p - catoblepas
Aim: a catoblepas (calcifying dust, 100% to hit)
Your line of fire to the catoblepas is blocked by a plant.
Continue anyway?
Okay, then.
Unknown command.
Casting: Stone Arrow (safe; 1% risk of failure)
Confirm with . or Enter, or press ? or * to list all spells.
You blink.
You are engulfed in calcifying dust.
You are slowing down.
The plant is engulfed in calcifying dust.
The plant is engulfed in calcifying dust.
A nearby plant withers and dies.
Your limbs are stiffening.
You see here a yak corpse.
Casting: Blink (safe; 14% risk of failure)
Confirm with . or Enter, or press ? or * to list all spells.
Aiming: Stone Arrow (safe; 1% risk of failure)
Press: ? - help, Shift-Dir - straight line, f/p - catoblepas
Aim: a catoblepas (100% to hit)
The stone arrow hits the catoblepas!!
The catoblepas is moderately wounded.
The catoblepas breathes a plume of calcifying dust at you.
The blast of calcifying dust hits you. The catoblepas gores you!!
You have turned to stone.
You are engulfed in calcifying dust.
The catoblepas gores you!
You are engulfed in calcifying dust.
The catoblepas gores you!!
You are engulfed in calcifying dust.
The catoblepas gores you.
You are engulfed in calcifying dust.
The catoblepas gores you but does no damage.
You are engulfed in calcifying dust.
The catoblepas gores you!
* * * LOW HITPOINT WARNING * * *
You are engulfed in calcifying dust.
The catoblepas barely misses you. The catoblepas gores you!!
* * * LOW HITPOINT WARNING * * *
The catoblepas gores you!
* * * LOW HITPOINT WARNING * * *
The catoblepas gores you!
* * * LOW HITPOINT WARNING * * *
The catoblepas gores you!
You die...

#...### ###..### .#
..### ##...## .# ..##
##..### ##.## #..##
#...## #... ##..#
##...# ##..
##.###...## ..##
###........## ##..##
##÷....###..####PY.P#
÷#†..###
##..##.@...## ..†.##
#..÷..8.8.P## #÷###
###.8....8..# ######
#....8.....# ###..#
#....8..P......
....##
####P..P###....
...### ###### #..##
.....### ###
..8....#######


You could see a catoblepas.

Vanquished Creatures
  Rupert (Lair:5)
  The ghost of jfcaron the Thaumaturge, a journeyman GnAE of Zin (Lair:2)
  A fire dragon (Lair:4)
  A great orb of eyes (D:15)
  6 hydras
  4 boulder beetles
  9 vault guards
  2 catoblepae (Lair:6)
  2 centaur warriors (D:13)
  An ogre mage (Volcano)
  10 two-headed ogres
  6 death yaks (Lair:6)
  A tengu warrior (D:14)
  The ghost of quinnr the Stormcaller, a journeyman TeAE of Ashenzari (Lair:1)
  A hell knight (Volcano)
  7 skeletal warriors
  A fire crab (D:14)
  2 deep elf pyromancers
  An oklob plant (Lair:6)
  4 cyclopes
  13 ugly things
  A wolf spider (Lair:2)
  3 slime creatures (D:14)
  An elephant (D:10)
  2 manticores (Lair:6)
  5 black mambas
  An ice statue (Lair:2)
  A molten gargoyle (Volcano)
  Joseph (D:9)
  A torpor snail (Lair:6)
  12 cane toads
  3 gargoyles
  Psyche (D:8)
  A kobold demonologist (D:10)
  3 rime drakes
  An unseen horror (D:11)
  A freezing wraith (D:14)
  11 komodo dragons
  A tengu conjurer (D:14)
  4 trolls
  3 polar bears
  A meliai (shapeshifter) (D:13)
  11 dream sheep
  A jumping spider (Lair:2)
  11 blink frogs
  2 vampires
  The ghost of Taurus the Conjurer, an amateur DECj of Vehumet (D:4)
  A spriggan (Lair:2)
  2 wraiths
  2 fire bats (Volcano)
  The ghost of porpoise the Skirmisher, an amateur PaFi (D:4)
  9 wyverns
  88 yaks
  A golden eye (shapeshifter) (D:12)
  6 basilisks
  2 redbacks (Lair:2)
  5 steam dragons
  10 vampire mosquitoes
  Edmund (D:5)
  Menkaure (D:4)
  2 acid dragons
  7 orc warriors
  Duvessa (D:4)
  20 water moccasins
  A sky beast (D:7)
  8 black bears
  4 ice beasts
  An ogre (D:5)
  The ghost of jlumianski the Skirmisher, an amateur DsFi (D:4)
  4 boggarts (D:14)
  10 centaurs
  9 wolves
  2 phantoms (D:7)
  4 kobold brigands
  11 bullfrogs
  3 necrophages
  Blork the orc (D:5)
  A gnoll sergeant (D:5)
  4 scorpions
  10 wights
  Dowan (D:4)
  3 killer bees (D:9)
  A vampire bat (Lair:1)
  7 howler monkeys
  A jelly (D:8)
  7 lava snakes (Volcano)
  2 hounds (D:5)
  6 orc priests
  An iron imp (D:4)
  Crazy Yiuf (D:4)
  Jessica (D:3)
  A gnoll shaman (D:7)
  7 iguanas
  Natasha (thrice) (D:4)
  16 orc wizards
  6 hell rats (Lair:6)
  14 gnolls
  9 adders
  2 shadow imps
  2 white imps
  An ufetubus (D:4)
  4 worms
  4 dart slugs
  35 orcs
  10 bats
  6 endoplasms
  A giant cockroach (D:2)
  2 goblins (D:2)
  10 hobgoblins
  3 jackals
  13 kobolds
  6 quokkas
  8 ball pythons
  5 rats
  A bush (D:14)
  A foxfire (D:14)
593 creatures vanquished.

Vanquished Creatures (collateral kills)
  A sky beast (D:4)
1 creature vanquished.

Vanquished Creatures (others)
  293 foxfires
  58 fungi
  54 plants
  2 withered plants (Lair:1)
407 creatures vanquished.

Grand Total: 1001 creatures vanquished

Notes
Turn   | Place    | Note
-------+----------+-------------------------------------------
     0 | D:1      | pokeman the Deep Elf Hedge Wizard began the quest for the
                  | Orb.
     0 | D:1      | Reached XP level 1. HP: 10/10 MP: 7/7
   365 | D:1      | Reached XP level 2. HP: 16/16 MP: 4/9
   525 | D:1      | Found a faded altar of an unknown god.
  1329 | D:2      | Reached skill level 5 in Spellcasting
  1448 | D:2      | Reached XP level 3. HP: 20/20 MP: 9/11
  1452 | D:2      | Learned a level 3 spell: Mephitic Cloud
  1455 | D:2      | Learned a level 2 spell: Call Imp
  1458 | D:2      | Learned a level 2 spell: Blink
  1462 | D:2      | Learned a level 3 spell: Conjure Flame
  1772 | D:2      | You fall into a shaft and drop 2 floors!
  1823 | D:4      | Noticed a sky beast
  1979 | D:3      | Identified the +10 morningstar "Wiybosoy" {freeze, Dex+9}
  2287 | D:2      | Reached skill level 1 in Fighting
  2287 | D:2      | Reached skill level 1 in Armour
  2294 | D:2      | Identified the +7 short sword "Ehar" {freeze, +Blink Str+2}
  2860 | D:3      | Reached XP level 4. HP: 25/25 MP: 11/13
  2948 | D:3      | Found Jim Vuyblej's Book Shoppe.
  3055 | D:3      | Noticed Jessica
  3064 | D:3      | Killed Jessica
  3065 | D:3      | Reached skill level 1 in Fire Magic
  3247 | D:3      | Noticed a water moccasin
  3254 | D:3      | Killed a water moccasin
  3255 | D:3      | Reached skill level 6 in Spellcasting
  3255 | D:3      | Reached skill level 1 in Air Magic
  3255 | D:3      | Reached XP level 5. HP: 29/29 MP: 15/15
  3663 | D:4      | Reached XP level 6. HP: 27/34 MP: 16/17
  3716 | D:4      | Reached skill level 1 in Poison Magic
  3844 | D:4      | Learned a level 3 spell: Stone Arrow
  3920 | D:4      | Noticed Menkaure
  3929 | D:4      | Killed Menkaure
  3930 | D:4      | Reached skill level 1 in Shields
  3930 | D:4      | Reached skill level 7 in Spellcasting
  3930 | D:4      | Reached skill level 1 in Evocations
  4213 | D:4      | Noticed Duvessa
  4214 | D:4      | Noticed Dowan
  4225 | D:4      | Killed Duvessa
  4226 | D:4      | Reached XP level 7. HP: 13/38 MP: 20/20
  4234 | D:4      | Reached skill level 1 in Earth Magic
  4257 | D:4      | Killed Dowan
  4258 | D:4      | Reached skill level 8 in Spellcasting
  4643 | D:4      | Noticed Natasha
  4646 | D:4      | Killed Natasha
  4675 | D:4      | Found a snail-covered altar of Cheibriados.
  4738 | D:4      | Found a runed translucent gate.
  4738 | D:4      | Found a runed translucent gate.
  4738 | D:4      | Found a runed translucent gate.
  4738 | D:4      | Noticed porpoise's ghost (amateur PaFi)
  4739 | D:4      | Noticed jlumianski's ghost (amateur DsFi)
  4739 | D:4      | Noticed Taurus's ghost (amateur DECj)
  4873 | D:4      | Found a runed translucent door.
  4874 | D:4      | Noticed Crazy Yiuf
  5148 | D:4      | Killed Crazy Yiuf
  5396 | D:4      | Noticed Natasha
  5404 | D:4      | Killed Natasha
  5515 | D:4      | Noticed Natasha
  5519 | D:4      | Killed Natasha
  5607 | D:5      | Entered Level 5 of the Dungeon
  5762 | D:5      | Reached skill level 9 in Spellcasting
  5762 | D:5      | Reached XP level 8. HP: 44/44 MP: 22/23
  5762 | D:5      | Found a hazy altar of Hepliaklqana.
  5763 | D:5      | Found a stormy altar of Qazlal.
  5868 | D:5      | Found an ancient bone altar of Kikubaaqudgha.
  5870 | D:5      | Found a hide-covered altar of Uskayaw.
  5871 | D:5      | Found a shadowy altar of Dithmenos.
  5871 | D:5      | Found a sparkling altar of Nemelex Xobeh.
  5872 | D:5      | Found a glowing silver altar of Zin.
  5873 | D:5      | Found a shimmering altar of Xom.
  5873 | D:5      | Found a broken altar of Ashenzari.
  5874 | D:5      | Found a basalt altar of Yredelemnul.
  5950 | D:5      | Reached skill level 5 in Conjurations
  6276 | D:5      | Noticed Edmund
  6284 | D:5      | Killed Edmund
  6285 | D:5      | Reached skill level 10 in Spellcasting
  6350 | D:5      | Noticed Blork the orc
  6355 | D:5      | Killed Blork the orc
  6392 | D:5      | Found an opulent altar of Gozag.
  6392 | D:5      | Found a transporter.
  6418 | D:5      | Found a transporter.
  7055 | D:6      | Found a staircase to the Ecumenical Temple.
  7069 | Temple   | Entered the Ecumenical Temple
  7158 | Temple   | Became a worshipper of Vehumet
  7217 | D:6      | Reached XP level 9. HP: 48/48 MP: 23/25
  7470 | D:6      | Reached skill level 11 in Spellcasting
  8164 | D:7      | Reached skill level 5 in Fire Magic
  8378 | D:7      | Reached * piety under Vehumet
  8378 | D:7      | Offered knowledge of Shock by Vehumet.
  8642 | D:7      | Reached skill level 12 in Spellcasting
  8756 | D:7      | Identified the +0 ring mail "Wilas" {SInv}
  8865 | D:7      | Noticed a troll
  9069 | D:7      | Reached XP level 10. HP: 53/53 MP: 21/28
  9429 | D:7      | Found a burning altar of Makhleb.
  9509 | D:7      | Reached skill level 13 in Spellcasting
  9514 | D:7      | Reached ** piety under Vehumet
  9909 | D:4      | Killed porpoise's ghost
  9927 | D:4      | Killed Taurus's ghost
  9940 | D:4      | Killed jlumianski's ghost
 10127 | D:5      | Offered knowledge of Foxfire by Vehumet.
 10130 | D:5      | Learned a level 1 spell: Foxfire
 10209 | D:5      | Reached skill level 1 in Necromancy
 10804 | D:8      | Noticed Psyche
 10900 | D:8      | Killed Psyche
 10901 | D:8      | Reached skill level 14 in Spellcasting
 11492 | D:8      | Offered knowledge of Scorch by Vehumet.
 11590 | D:8      | Found Saweamof's Antique Armour Boutique.
 12408 | D:9      | Noticed Joseph
 12414 | D:9      | Killed Joseph
 12415 | D:9      | Reached XP level 11. HP: 52/60 MP: 22/31
 12835 | D:9      | Reached *** piety under Vehumet
 13093 | D:9      | Found Noyciat's Serpentskin Sales.
 13267 | D:10     | Entered Level 10 of the Dungeon
 13326 | D:10     | Found a staircase to the Lair.
 13332 | D:10     | Reached skill level 15 in Spellcasting
 13333 | D:10     | Noticed a sun demon
 13398 | D:10     | HP: 2/61 [orc warrior/+0 halberd (7)]
 13482 | D:10     | Noticed a two-headed ogre
 13482 | D:10     | Noticed a two-headed ogre
 13485 | D:10     | Killed a two-headed ogre
 13489 | D:10     | Killed a two-headed ogre
 13492 | D:10     | Offered knowledge of Sticky Flame by Vehumet.
 13570 | D:10     | Identified the +3 hand axe of Red Wine {freeze, Will+
                  | Dex+3}
 13788 | D:10     | Identified the +11 dagger of Sunlight {vorpal, Will+ Str+2}
 13982 | D:10     | Found a staircase to the Orcish Mines.
 14234 | D:11     | Reached **** piety under Vehumet
 14237 | D:11     | Reached skill level 16 in Spellcasting
 14422 | D:11     | Offered knowledge of Airstrike by Vehumet.
 14652 | D:11     | Identified the +1 robe of the Fifty Suns {-Tele Fly rPois
                  | Stlth+}
 14722 | D:11     | Noticed a two-headed ogre
 14729 | D:11     | Killed a two-headed ogre
 14730 | D:11     | Reached XP level 12. HP: 66/66 MP: 34/34
 14904 | D:11     | Noticed a two-headed ogre
 14913 | D:11     | Killed a two-headed ogre
 15104 | D:12     | Noticed a two-headed ogre
 15107 | D:12     | Killed a two-headed ogre
 15219 | D:12     | Noticed a boulder beetle
 15228 | D:12     | Killed a boulder beetle
 15229 | D:12     | Reached skill level 10 in Conjurations
 15506 | D:12     | Reached skill level 17 in Spellcasting
 16065 | D:12     | Learned a level 4 spell: Flame Wave
 16357 | D:13     | Noticed a centaur warrior
 16362 | D:13     | Killed a centaur warrior
 16509 | D:13     | Reached skill level 5 in Shields
 16613 | D:13     | Reached skill level 10 in Fire Magic
 16953 | D:13     | Reached skill level 18 in Spellcasting
 17127 | D:13     | Noticed a four-headed hydra
 17137 | D:13     | Killed a four-headed hydra
 17262 | D:13     | Noticed a centaur warrior
 17274 | D:13     | Killed a centaur warrior
 17501 | D:13     | Found Esasmiy's Distillery.
 17514 | D:13     | Reached ***** piety under Vehumet
 17942 | D:13     | Reached XP level 13. HP: 63/70 MP: 25/37
 18129 | D:14     | Offered knowledge of Olgreb's Toxic Radiance by Vehumet.
 18739 | D:14     | Reached skill level 5 in Armour
 19365 | D:14     | Found Cups's Jewellery Emporium.
 19496 | D:14     | Reached skill level 19 in Spellcasting
 20206 | D:14     | Reached skill level 5 in Fighting
 20384 | D:14     | Found a gate to the Vaults.
 20393 | D:14     | Got Theurgy Continued
 20759 | D:15     | Entered Level 15 of the Dungeon
 20808 | D:15     | Noticed an orc warlord
 20897 | D:14     | Reached skill level 20 in Spellcasting
 21069 | D:15     | Paralysed by a great orb of eyes for 3 turns
 21320 | Lair:1   | Entered Level 1 of the Lair of Beasts
 21489 | Lair:1   | Reached XP level 14. HP: 78/78 MP: 39/40
 21546 | Lair:1   | Identified the +3 robe of the Invisible Hand {rC+}
 22244 | Lair:1   | Found a runed translucent door.
 22246 | Lair:1   | Noticed quinnr's ghost (journeyman TeAE)
 22736 | Lair:1   | Killed quinnr's ghost
 22882 | Lair:2   | Found a dark tunnel.
 22906 | Volcano  | Entered a volcano
 23086 | Volcano  | Offered knowledge of Ozocubu's Refrigeration by Vehumet.
 23290 | Volcano  | Found a bloodstained altar of Trog.
 24017 | Lair:2   | Found a transporter.
 24018 | Lair:2   | Noticed jfcaron's ghost (journeyman GnAE)
 24042 | Lair:2   | Found a transporter.
 24375 | Lair:2   | Found a hide-covered altar of Uskayaw.
 24387 | Lair:2   | Identified a scroll of acquirement
 24467 | Lair:2   | Reached skill level 21 in Spellcasting
 24590 | Lair:2   | Found a hole to the Spider Nest.
 24628 | Lair:2   | Acquired a +2 buckler of protection
 25054 | Lair:2   | Killed jfcaron's ghost
 26614 | Lair:4   | You fall into a shaft and drop 2 floors!
 26614 | Lair:6   | Entered Level 6 of the Lair of Beasts
 26618 | Lair:6   | Offered knowledge of Iskenderun's Battlesphere by Vehumet.
 27002 | Lair:4   | Found a staircase to the Shoals.
 27391 | Lair:5   | Found a staircase to the Slime Pits.
 28341 | Lair:6   | Noticed Rupert
 28350 | Lair:6   | Reached XP level 15. HP: 64/84 MP: 41/42
 28519 | Lair:5   | Killed Rupert
 28702 | Lair:6   | Reached skill level 22 in Spellcasting
 29947 | Lair:6   | Offered knowledge of Fireball by Vehumet.
 30605 | Lair:6   | Slain by a catoblepas

Illustrated notes

Levels and vault maps discovered:
D:1:      dpeg_arrival_short_road, layout_basic,
          dreamdust_ecumenical_altar_hidden_monk_grotto, minmay_pentomino_p4
D:2:      layout_basic
D:3:      minmay_door_path, layout_loops_ring, serial_shops,
          nicolae_shop_temple_entry_statues_fountains, minivault_24,
          grunt_ministairs_8, solitary_fountain, kennysheep_jessica_study
D:4:      layout_cave_pods, slow_altar_2, gammafunk_ghost_cemetery,
          uniq_natasha, uniq_duvessa, uniq_menkaure, uniq_crazy_yiuf_cottage
D:5:      layout_basic, nicolae_overflows_in_rows,
          gammafunk_temple_overflow_arena, minivault_24, kennysheep_nondescript,
          palyth_stone_intersect, minmay_holes, patterned_corridor,
          uniq_blork_the_orc, uniq_edmund
D:6:      layout_basic, minmay_temple_entry_overgrown
D:7:      cheibrodos_fzero, layout_cave_pools, lightli_temple_of_fire,
          grunt_ministairs_8, chequers_serial_rivers_micro_b
D:8:      minmay_recursive_quarters, layout_gridville, serial_shops,
          nicolae_take_the_stairs, uniq_psyche
D:9:      layout_gridville, guppyfry_shop_venom, uniq_joseph
D:10:     layout_cave_pools, david_lair_generic, david_orc_4
D:11:     layout_cave_pools, chequers_serial_rivers_small_a
D:12:     layout_basic
D:13:     layout_stronghold, serial_shops, nicolae_shop_waterfront
D:14:     nicolae_cairo_tiling_large_dashed, layout_small_grid, erik_vaults_2,
          serial_shops, shop_statue, chequers_serial_rivers_micro_d,
          dreamdust_princess_bridge
D:15:     hangedman_spin_cycle
Temple:   kb_temple_of_zot
Lair:1:   layout_chaotic_city, gammafunk_ghost_grave, roderic_batcave,
          grunt_megastairs_1, serial_bayou_shore_b, lemuel_fruit_fields
Lair:2:   layout_cave_shapes, spider_nest_entry_funnel_web, nzn_ghost_randoct,
          nicolae_volcano_entry_lava_flow, basic_altar,
          grunt_forest_stairs_clearing
Lair:3:   layout_gridlike, hibernation_bobbens
Lair:4:   dragon1_lemuel, layout_loops_ring, shoals_dummy_entry,
          lemuel_fruit_fields, serial_bayou_shore_b, grunt_megastairs_3
Lair:5:   layout_roguey, slime_dummy
Lair:6:   evilmike_catoblepas_cave, layout_layer_cave, grunt_megastairs_4,
          uniq_rupert

Skill      XL: |  1  2  3  4  5  6  7  8  9 10 11 12 13 14 15 |
---------------+----------------------------------------------+-----
Spellcasting   | 5 6 7 9 10 12 14 16 18 20 21 22 | 22.6
Fighting       | 1 2 3 4 5 6 |  6.0
Armour         | 1 2 3 4 5 6 7 |  7.0
Conjurations   | 2 3 4 5 7 8 9 11 12 13 | 13.9
Fire Magic     | 1 2 4 6 7 9 10 11 12 13 | 13.4
Dodging        | 3 |  3.3
Air Magic      | 1 |  1.0
Poison Magic   | 1 |  1.0
Shields        | 1 3 5 |  5.0
Evocations     | 1 |  1.0
Stealth        | 3 |  3.0
Earth Magic    | 1 |  1.0
Necromancy     | 1 |  1.0
Summonings     | |  1.1
Translocations | |  1.1

Action                   |  1- 3 |  4- 6 |  7- 9 | 10-12 | 13-15 || total
-------------------------+-------+-------+-------+-------+-------++-------
Melee: Short sword       |     3 |       |       |       |       ||     3
       Morningstar       |     4 |     9 |    22 |    43 |    47 ||   125
 Cast: Magic Dart        |   111 |    59 |    53 |     7 |    10 ||   240
       Conjure Flame     |     1 |     2 |     8 |    19 |    23 ||    53
       Mephitic Cloud    |     1 |     3 |    13 |    26 |    36 ||    79
       Stone Arrow       |       |       |   120 |   262 |   522 ||   904
       Call Imp          |       |       |     2 |     3 |     4 ||     9
       Foxfire           |       |       |       |   135 |    36 ||   171
       Blink             |       |       |       |     9 |    12 ||    21
       Flame Wave        |       |       |       |       |    29 ||    29
  Use: Potion            |       |       |     1 |     1 |     1 ||     3
       Scroll            |       |       |       |    10 |    12 ||    22
 Stab: Sleeping          |     1 |       |       |       |       ||     1
       Confused          |       |       |     4 |     6 |     3 ||    13
       Petrified         |       |       |       |       |     1 ||     1
Armor: Leather armour    |     4 |       |     7 |       |       ||    11
       Robe              |     1 |       |       |       |       ||     1
       Troll leather arm |       |       |       |    51 |       ||    51
       Acid dragon scale |       |       |       |     9 |    69 ||    78
       Fire dragon scale |       |       |       |       |    27 ||    27
Dodge: Dodged            |    14 |     7 |    23 |   130 |   140 ||   314
Block: Buckler           |       |       |       |       |    44 ||    44

Table legend: (Time is in decaauts)
 A = Elapsed time spent in this place.
 B = Non-inter-level travel time spent in this place.
 C = Inter-level travel time spent in this place.
 D = Time resting spent in this place.
 E = Time spent auto-exploring this place.
 F = Levels seen in this place.
 G = Mean time per level.
                   A        B        C        D        E       F      G
               +--------+--------+--------+--------+--------+-----+--------+
         Total |  30694 |  28834 |   1860 |   2304 |  21730 |  23 | 1334.5 |
       Dungeon |  21338 |  19775 |   1563 |   1141 |  15548 |  15 | 1422.5 |
        Temple |    305 |    287 |     18 |    100 |    110 |   1 |  305.0 |
          Lair |   8264 |   7985 |    279 |    833 |   5971 |   6 | 1377.3 |
       Volcano |    786 |    786 |      0 |    230 |    101 |   1 |  786.0 |
               +--------+--------+--------+--------+--------+-----+--------+

Top non-repeatable levels by time:
    D:14: 2601 daAuts
     D:4: 2291 daAuts
  Lair:6: 2142 daAuts
    D:13: 2068 daAuts
     D:5: 1688 daAuts
     D:8: 1628 daAuts
     D:7: 1600 daAuts
  Lair:1: 1585 daAuts
  Lair:2: 1376 daAuts
     D:3: 1334 daAuts
  Lair:4: 1325 daAuts
     D:1: 1312 daAuts
    D:12: 1297 daAuts
     D:6: 1272 daAuts
     D:9: 1266 daAuts
